 Dungeon Crawl Stone Soup version 0.31-a0-319-g4fced400ed (webtiles) character file.

Game seed: 2615420783293898523

142 testman the Ruffian (level 5, -6/46 HPs)
             Began as a Draconian Shapeshifter on July 17, 2023.
             Killed by divine providence
             ... invoked by an orc priest
              (15 damage)
             ... on level 3 of the Dungeon.
             The game lasted 00:05:11 (1451 turns).

testman the Ruffian (Draconian Shapeshifter)        Turns: 1451, Time: 00:05:11

Health: -6/46      AC:  5    Str: 19    XL:     5   Next: 3%
Magic:  5/5        EV: 12    Int:  8    God:
Gold:   162        SH:  0    Dex: 12    Spells: 4/4 levels left

rFire   . .          .
                       - Unarmed
rCold   . . .        (no shield)
rNeg    . . .        (body armour unavailable)
rPois   .            (helmet currently unavailable)
rElec   .            (cloak currently unavailable)
rCorr   .            (gloves currently unavailable)
SInv    .            (boots currently unavailable)
Will    +....        (no amulet)
Stlth   +            d - ring of willpower
HPRegen 0.27/turn    (no ring)
MPRegen 0.09/turn

%: no passive effects
@: beast-form, studying Hexes
A: beast (slay +2), AC +5, unfitting armour, cold-blooded
a: Begin Untransformation


You were on level 3 of the Dungeon.
You were a hulking beast.
You visited 1 branch of the dungeon, and saw 3 of its levels.

You collected 162 gold pieces.

Inventory:

Missiles
 k - 2 poisoned darts
Jewellery
 d - a ring of willpower (left hand)
Talismans
 b - a beast talisman
Scrolls
 c - 5 scrolls of identify {unknown}
 g - a scroll of poison {unknown}
 l - a scroll of blinking {unknown}
 m - a scroll of teleportation {unknown}
Potions
 a - a potion of lignification
 e - a potion of enlightenment {unknown}
 f - 2 potions of degeneration {unknown}
 h - a potion of invisibility {unknown}
 i - a potion of magic {unknown}
 j - a potion of attraction {unknown}
 n - 2 potions of brilliance {unknown}


   Skills:
 + Level 3.9 Fighting
 - Level 1.7 Dodging
 + Level 4.3 Unarmed Combat
 - Level 3.0 Shapeshifting


You had 4 spell levels left.
You didn't know any spells.
Your spell library contained the following spells:

 Spells                   Type           Power      Damage    Failure   Level
 Ensorcelled Hibernation  Hex/Ice        0%         N/A       54%         2
 Inner Flame              Hex/Fire       0%         N/A       78%         3
 Anguish                  Hex/Necr       0%         N/A       99%         4
 Flame Wave               Conj/Fire      0%         2d4       99%         4
 Sticky Flame             Conj/Fire      0%         2d3       99%         4


Dungeon Overview and Level Annotations

Branches:
Dungeon (3/15)

Altars:

Shops:
D:2 [


Innate Abilities, Weirdness & Mutations

You are a hulking beast.
Your limbs bulge with bestial killing power. (Slay +2)
Your plain brown scales are hard. (AC +5)
You cannot fit into any form of body armour.
You are cold-blooded and may be slowed by cold attacks.


Message History

No target in view!
An orc priest comes into view. It is wielding a +0 mace.
Found a stone staircase leading down.
An orc wizard comes into view. It is wielding a +0 dagger.
The orc wizard mumbles some strange words.
The orc wizard flickers and vanishes!
Deactivating autopickup; reactivate with Ctrl-A.
An orc priest comes into view. It is wielding a +0 hand axe.
The orc priest hits you with a +0 mace.
The orc priest shouts!
You hit the orc priest. You punch the orc priest.
The orc priest is heavily wounded.
The orc priest hits you with a +0 mace.
An orc priest comes into view. It is wielding a +0 hand axe.
You hit the orc priest. You tail-slap the orc priest.
The orc priest is severely wounded.
The orc priest barely misses you.
You punch the orc priest!
You kill the orc priest!
You have reached level 5!
Something hits you but does no damage.
Things that are here:
a +0 mace; an orc corpse You closely miss something.
The orc priest calls down the wrath of Beogh upon you.
Beogh smites you!
The orc priest looks encouraged for a moment.
You are too injured to fight recklessly!
You are too injured to fight recklessly!
You hear some strange, mumbled words.
A magic dart appears from out of thin air!
The magic dart hits you.
The orc priest hits you with a +0 hand axe.
* * * LOW HITPOINT WARNING * * *
You closely miss the orc priest. Something hits you but does no damage.
The orc priest hits you with a +0 hand axe.
* * * LOW HITPOINT WARNING * * *
The orc priest calls down the wrath of Beogh upon you.
Beogh smites you!
You die...

####..............†...
#......................
#......................
#.....$................
#......................
##..>...................
.................###....
......o.....<..#####....
......oh)....### ##..[..
........{...## ......
.........#### .#....
.........# #.)..
........#. #....
........... #....
.#...#.##.. #.... ......
... ###.... .......


You could see 2 orc priests.

Vanquished Creatures
  An orc priest (D:3)
  3 gnolls (D:2)
  3 adders (D:2)
  3 ball pythons
  6 bats
  5 endoplasms
  3 giant cockroaches
  6 goblins
  5 hobgoblins
  6 jackals
  4 kobolds
  2 quokkas
  2 frilled lizards
  5 rats
54 creatures vanquished.

Notes
Turn   | Place    | Note
-------+----------+-------------------------------------------
     0 | D:1      | testman the Draconian Shapeshifter began the quest for the
                  | Orb.
     0 | D:1      | Reached XP level 1. HP: 17/17 MP: 1/1
   141 | D:1      | Reached XP level 2. HP: 24/24 MP: 2/2
   142 | D:1      | Found a faded altar of an unknown god.
   147 | D:1      | Noticed an eye of devastation
   148 | D:1      | Noticed a shining eye
   149 | D:1      | Noticed a floating eye
   149 | D:1      | Noticed a golden eye
   198 | D:1      | Reached skill level 3 in Unarmed Combat
   704 | D:2      | Reached XP level 3. HP: 16/30 MP: 3/3
   932 | D:2      | Reached XP level 4. HP: 29/38 MP: 4/4
   982 | D:2      | Found Zeaqy's Antique Armour Shoppe.
  1159 | D:2      | Reached skill level 4 in Unarmed Combat
  1448 | D:3      | Reached XP level 5. HP: 35/46 MP: 5/5
  1451 | D:3      | Killed from afar by an orc priest

Illustrated notes

Levels and vault maps discovered:
D:1:      lightli_arrival_farm, layout_rooms,
          hellmonk_ecumenical_altar_watching_god
D:2:      layout_basic, serial_shops, shop
D:3:      layout_rooms

Skill      XL: |  1  2  3  4 |
---------------+-------------+-----
Unarmed Combat | 3 4 |  4.3
Fighting       | 3 |  3.9
Dodging        | |  1.7
Shapeshifting  | |  3.0

Action                     |  1- 3 |  4- 6 || total
---------------------------+-------+-------++-------
  Melee: Unarmed           |    80 |    52 ||   132
         Tailslap          |    10 |     5 ||    15
         Punch             |     2 |     1 ||     3
   Stab: Sleeping          |     1 |     2 ||     3
 Armour: Skin              |    30 |    15 ||    45
  Dodge: Dodged            |    55 |    38 ||    93

Table legend: (Time is in decaauts)
 A = Elapsed time spent in this place.
 B = Non-inter-level travel time spent in this place.
 C = Inter-level travel time spent in this place.
 D = Time resting spent in this place.
 E = Time spent auto-exploring this place.
 F = Levels seen in this place.
 G = Mean time per level.
                   A        B        C        D        E       F      G
               +--------+--------+--------+--------+--------+-----+--------+
         Total |   1466 |   1435 |     31 |     53 |   1044 |   3 |  488.7 |
       Dungeon |   1466 |   1435 |     31 |     53 |   1044 |   3 |  488.7 |
               +--------+--------+--------+--------+--------+-----+--------+

Top non-repeatable levels by time:
     D:1: 719 daAuts
     D:2: 604 daAuts
     D:3: 143 daAuts
